Map: Void Launch

Players

raincamp

  • Race: Zerg Zerg
  • League: Bronze
  • Spawn Location: 6:00

raincamp

  • Race: Terran Terran
  • Spawn Location: 6:00

VOD

Have the link to the VOD?

Description

Time

  • Played on: Nov. 14, 2017, 10:23 a.m.
  • Length: 25:39
Show
View Real Time Build Order
Export as new Build Order

raincamp Zerg 

Build Orders:  

Get SALT Encoding   

  12  0:03  Drone  
  13  0:11  Drone  
  14  0:25  Overlord  
  14  0:41  Drone, Extractor  
  14  0:42  Drone, Extractor  
  14  0:54  Drone x2  
  16  1:00  Drone  
  16  1:07  Drone  
  18  1:15  Drone  
  18  1:17  Drone  
  20  1:23  Drone  
  21  1:42  Roach Warren  
  21  1:44  Drone  
  21  1:50  Drone  
  22  2:15  Spine Crawler  
  21  2:20  Spine Crawler  
  20  2:36  Roach  
  22  3:01  Overlord  
  22  3:27  Drone  
  22  3:28  Drone x2  
  25  3:30  Lair  
  25  3:40  Roach  
  25  3:59  Roach  
  27  4:00  Roach  
  27  4:02  Brutalisk  
  27  4:07  Hatchery  
  28  4:50  Drone  
  28  4:56  Drone x3  
  32  5:04  Spire  
  32  5:08  Evolution Chamber  
  30  5:12  Extractor  
  30  5:14  Extractor  
  28  5:31  Roach, Mutalisk x2  
  28  5:32  Mutalisk  
  28  5:34  Roach, Drone  
  35  5:53  Brutalisk  
  35  5:56  Brutalisk  
  35  6:25  Zerg Missile Weapons Level 1  
  35  6:30  Drone  
  35  6:32  Overlord x2  
  35  6:33  Overlord  
  35  6:35  Infestation Pit  
  35  6:38  Vicious Glave  
  35  6:53  Drone  
  35  6:58  Drone  
  35  6:59  Drone x2  
  39  7:32  Hive  
  39  7:33  Drone  
  39  7:34  Mutalisk  
  39  7:36  Drone x3  
  39  7:37  Drone  
  44  8:02  Leviathan  
  44  8:16  Mutalisk  
  44  8:23  Zerg Missile Weapons Level 2  
  44  8:24  Sundering Glave  
  44  8:27  Mutalisk  
  44  8:30  Drone x2  
  44  8:31  Drone x2  
  44  8:32  Drone  
  49  8:44  Leviathan  
  49  8:48  Mutalisk  
  49  8:49  Mutalisk  
  53  8:55  Leviathan  
  53  9:10  Drone x3  
  53  9:11  Drone x2  
  53  9:12  Drone  
  53  9:14  Overlord  
  59  9:36  Zerg Flyer Weapons Level 1  
  59  10:07  Mutalisk x4  
  59  10:09  Overlord x2  
  62  10:10  Overlord  
  67  10:34  Zerg Missile Weapons Level 3  
  67  10:37  Drone x2  
  69  10:42  Drone  
  69  10:45  Mutalisk x4  
  69  10:46  Mutalisk  
  80  11:25  Overseer  
  80  11:32  Mutalisk x3  
  80  11:34  Overlord x4  
  80  11:36  Drone x3  
  89  12:07  Zerg Flyer Weapons Level 2  
  89  12:08  Mutalisk  
  91  12:16  Drone x4  
  95  12:32  Mutalisk x2  
  99  12:59  Mutalisk x2  
  99  13:33  Extractor  
  99  13:34  Hatchery  
  97  13:41  Extractor  
  97  13:44  Mutalisk x3  
  100  14:13  Mutalisk x3  
  106  14:42  Drone  
  106  14:43  Drone x15  
  106  14:49  Overlord x5  
  90  14:50  Overlord x2  
  122  15:25  Zerg Flyer Weapons Level 3  
  122  15:29  Drone x2  
  124  16:10  Drone  
  124  16:11  Drone x17  
  124  16:12  Drone x7  
  124  16:14  Overlord  
  149  16:49  Greater Spire  
  149  17:15  Mutalisk x2  
  149  17:16  Mutalisk x5  
  149  17:17  Mutalisk x6  
  149  17:18  Mutalisk x2  
  149  17:19  Mutalisk  
  181  17:27  Drone x4  
  181  17:28  Drone  
  186  17:30  Overlord x3  
  186  17:50  Spore Crawler x2  
  186  17:51  Spore Crawler  
  186  17:52  Spore Crawler x2  
  186  17:55  Spore Crawler  
  186  17:57  Spore Crawler  
  186  17:58  Spore Crawler  
  178  18:00  Spore Crawler  
  178  18:04  Spore Crawler x2  
  178  18:06  Spore Crawler  
  174  18:19  Drone x4  
  178  18:20  Drone x2  
  180  18:32  Drone x2  
  180  18:33  Drone x9  
  191  18:55  Drone  
  191  18:56  Drone x8  
  191  18:58  Spore Crawler  
  191  18:59  Spore Crawler x2  
  197  19:01  Spore Crawler  
  197  19:04  Spore Crawler  
  197  19:05  Spore Crawler  
  197  19:08  Spore Crawler  
  197  19:09  Spore Crawler  
  192  19:11  Spore Crawler  
  192  19:12  Spore Crawler  
  192  19:13  Spore Crawler  
  192  19:16  Spore Crawler  
  192  19:19  Spore Crawler x2  
  186  19:31  Corrosive Spray  
  186  19:35  Mutalisk x6  
  186  19:36  Mutalisk  
  200  19:42  Spore Crawler  
  200  19:43  Spore Crawler  
  200  19:44  Spore Crawler  
  200  19:45  Spore Crawler  
  200  19:48  Spore Crawler  
  200  19:49  Spore Crawler x3  
  192  19:51  Spore Crawler  
  192  19:52  Spore Crawler x2  
  192  19:53  Spore Crawler  
  192  19:54  Spore Crawler  
  192  19:56  Spore Crawler  
  192  19:59  Spore Crawler  
  185  20:02  Spore Crawler  
  185  20:03  Spore Crawler  
  185  20:04  Spore Crawler, Drone  
  185  20:05  Drone  
  185  20:06  Drone  
  185  20:08  Spore Crawler  
  185  20:09  Spore Crawler  
  183  20:10  Spore Crawler  
  183  20:12  Spore Crawler x2  
  183  20:13  Spore Crawler  
  183  20:15  Spore Crawler x2  
  177  20:31  Spore Crawler  
  177  20:32  Spore Crawler  
  177  20:33  Spore Crawler  
  177  20:34  Spore Crawler, Mutalisk  
  177  20:35  Mutalisk x13  
  177  20:36  Mutalisk  
  177  20:37  Spore Crawler x2  
  177  20:38  Mutalisk  
  171  20:41  Spore Crawler  
  171  20:42  Mutalisk  
  171  20:43  Mutalisk  
  171  20:46  Mutalisk  
  171  20:48  Mutalisk  
  170  20:52  Devourer  
  170  20:53  Devourer x13  
  170  20:54  Devourer  
  170  20:56  Devourer  
  170  21:00  Devourer  
  170  21:01  Devourer  
  170  21:04  Devourer  
  170  21:06  Devourer, Mutalisk x2  
  170  21:07  Mutalisk x6  
  170  21:24  Devourer x2  
  170  21:25  Devourer x6  
  170  21:40  Mutalisk  
  170  21:41  Mutalisk  
  174  21:54  Mutalisk  
  174  21:55  Mutalisk  
  174  21:56  Mutalisk  
  174  22:08  Mutalisk  
  174  22:09  Mutalisk x4  
  174  22:10  Mutalisk  
  174  22:12  Devourer, Mutalisk  
  174  22:13  Devourer  
  174  22:14  Devourer, Mutalisk  
  174  22:15  Mutalisk x10  
  174  22:18  Mutalisk x2  
  196  22:20  Mutalisk  
  196  22:24  Mutalisk x2  
  196  22:26  Devourer  
  196  22:27  Devourer x4, Mutalisk  
  196  22:28  Devourer  
  196  22:29  Mutalisk  
  196  22:30  Devourer  
  196  22:33  Mutalisk  
  196  22:34  Mutalisk  
  196  22:36  Devourer x2  
  196  22:37  Mutalisk  
  196  22:38  Devourer, Mutalisk  
  196  22:42  Devourer x2  
  196  22:45  Devourer  
  196  22:47  Devourer  
  196  22:51  Devourer  
  196  22:52  Devourer  
  196  22:55  Devourer  
  196  22:56  Devourer  
Show
View Real Time Build Order
Export as new Build Order

raincamp Terran 

Build Orders:  

Get SALT Encoding   

Tags
 
Commander
AbathurRaynor
League
Bronze
Matchup
Co-op
Replay Pack
Co-op Speedrun
Add a new tag
Caveats
  • Supply blocks, unpowered buildings, or Contaminate may cause inaccurate times.
  • Supply counts are checked every 10 seconds.